 Dungeon Crawl Stone Soup version 0.28.0-43-g3370ac3207 (webtiles) character file.

Game seed: 1812899464019008904

30 tizbic2 the Skirmisher (level 3, -2/37 HPs)
             Began as an Ogre Gladiator on Mar 12, 2022.
             Was a Follower of Uskayaw.
             Slain by Sigmund
             ... wielding a +0 vorpal scythe
              (6 damage)
             ... on level 2 of the Dungeon.
             The game lasted 00:03:34 (906 turns).

tizbic2 the Skirmisher (Ogre Gladiator)              Turns: 906, Time: 00:03:35

Health: -2/37      AC:  3    Str: 20    XL:     3   Next: 18%
Magic:  3/3        EV: 10    Int:  9    God:    Uskayaw [*.....]
Gold:   90         SH:  0    Dex: 10    Spells: 2/2 levels left

rFire   . . .      SeeInvis .   e - +0 club
rCold   . . .      Faith    .   g - orb {light}
rNeg    . . .      Spirit   .   b - +0 robe
rPois   .          Reflect  .   c - +0 hat
rElec   .          Harm     .   (no cloak)
rCorr   .          Rampage  .   (gloves unavailable)
Will    .....                   (boots unavailable)
Stlth   +.........              (no amulet)
HPRegen 0.12/turn               (no ring)
MPRegen 0.08/turn               (no ring)

@: glowing, invisible (but backlit and visible)
A: large, unfitting armour, tough skin 1
a: Renounce Religion, Stomp


You were on level 2 of the Dungeon.
You worshipped Uskayaw.
Uskayaw was noncommittal.
You visited 1 branch of the dungeon, and saw 2 of its levels.

You collected 90 gold pieces.

Inventory:

Hand Weapons
 a - a +0 flail
 e - a +0 club (weapon)
Missiles
 d - 3 throwing nets
 i - 2 poisoned darts (quivered)
 k - 8 stones
Armour
 b - a +0 robe (worn)
 c - a +0 hat (worn)
 g - an orb of light (worn)
Scrolls
 f - 3 scrolls of fear {unknown}
 j - a scroll of enchant armour {unknown}
Potions
 l - a potion of brilliance


   Skills:
 + Level 3.2 Fighting
 * Level 3.1 Maces & Flails
 * Level 2.5 Throwing
 + Level 2.9 Dodging


You had 2 spell levels left.
You didn't know any spells.
Your spell library was empty.

Dungeon Overview and Level Annotations

Branches:
Dungeon (2/15)

Altars:
Uskayaw

Annotations:
D:2 Sigmund


Innate Abilities, Weirdness & Mutations

You are too large for most types of armour.
You have tough skin. (AC +1)


Message History

Sigmund points at you and mumbles some strange words.
The puff of flame hits you.
It was a potion of invisibility.
You become transparent, but the glow from your halo prevents you from becoming completely invisible.
Sigmund hits you from afar with a +0 vorpal scythe.
* * * LOW HITPOINT WARNING * * *
You bump into the rock wall.
You feel less confused.
Unknown command.
Sigmund hits you with a +0 vorpal scythe.
* * * LOW HITPOINT WARNING * * *
x2 You hit Sigmund.
Sigmund is moderately wounded.
Sigmund whispers, "You'll know eternity soon."
Sigmund hits you but does no damage.
You barely miss Sigmund.
Sigmund is moderately wounded.
You hit Sigmund but do no damage.
Sigmund is moderately wounded.
Sigmund closely misses you.
You hit Sigmund but do no damage.
Sigmund is moderately wounded.
Sigmund closely misses you.
You hit Sigmund.
Sigmund is heavily wounded.
Sigmund closely misses you.
You barely miss Sigmund.
Sigmund is heavily wounded.
Sigmund barely misses you.
You barely miss Sigmund.
Sigmund is heavily wounded.
Sigmund seems less brilliant.
You hit Sigmund.
Sigmund is heavily wounded.
Sigmund hits you with a +0 vorpal scythe.
* * * LOW HITPOINT WARNING * * *
x2 You hit Sigmund.
Sigmund is severely wounded.
Sigmund hits you with a +0 vorpal scythe.
You die...

#########.#
#.....<...#
#...##.##.#
#...##.#
##...##.#
#.......#
#....>..#
#....##.#
#@#####.#
#@# # .g.
.....
#......
#.###### #.
..


You could see Sigmund (invisible) and a hobgoblin.

Vanquished Creatures
  A dart slug (D:1)
  3 ball pythons (D:1)
  A bat (D:1)
  An endoplasm (D:1)
  2 giant cockroaches (D:1)
  5 hobgoblins (D:1)
  A jackal (D:1)
  3 kobolds (D:1)
  2 quokkas (D:1)
  2 goblins (D:1)
  2 rats (D:1)
23 creatures vanquished.

Notes
Turn   | Place    | Note
-------+----------+-------------------------------------------
     0 | D:1      | tizbic2 the Ogre Gladiator began the quest for the Orb.
     0 | D:1      | Reached XP level 1. HP: 22/22 MP: 1/1
   215 | D:1      | Reached XP level 2. HP: 29/29 MP: 2/2
   459 | D:1      | Reached XP level 3. HP: 24/37 MP: 3/3
   705 | D:1      | Found a faded altar of an unknown god.
   727 | D:1      | Prayed at the altar of an unknown god.
   727 | D:1      | Became a worshipper of Uskayaw the Reveller
   727 | D:1      | Reached * piety under Uskayaw
   879 | D:2      | Noticed Sigmund
   906 | D:2      | Slain by Sigmund

Illustrated notes

Levels and vault maps discovered:
D:1:      lightli_arrival_statuegarden, layout_rooms,
          ebering_ecumenical_altar_hall, kennysheep_crisscross,
          minmay_heptomino_o4
D:2:      layout_basic, basic_altar, uniq_sigmund

Skill      XL: |  1  2 |
---------------+-------+-----
Fighting       | 3 |  3.2
Maces & Flails | 3 |  3.1
Throwing       | |  2.5
Dodging        | |  2.9

Action                   || total
-------------------------++-------
Melee: Flail             ||    43
       Club              ||    27
Throw: Dart              ||     2
  Use: Potion            ||     1
Armor: Robe              ||     8
Dodge: Dodged            ||    35
